Map: 氧化物質 - 天梯版

Players

ExpecT - Winner!

  • Race: Terran Terran
  • Spawn Location: 7:00

Bistork

  • Race: Protoss Protoss
  • Spawn Location: 1:00

Event: DreamHack SC2 Masters 2020 Winter

VOD

Have the link to the VOD?

Description

Time

  • Played on: Oct. 17, 2020, 8:32 a.m.
  • Length: 10:48

All games in this series

Show
View Real Time Build Order
Export as new Build Order

ExpecT Terran - Winner!

Build Orders:  

Get SALT Encoding   

  12  0:00  SCV  
  13  0:13  SCV  
  14  0:19  Supply Depot  
  14  0:25  SCV  
  15  0:40  SCV, Barracks  
  16  0:46  Refinery  
  16  0:52  SCV  
  17  0:57  Refinery  
  17  1:05  SCV  
  18  1:17  SCV  
  19  1:28  Reaper  
  19  1:29  Orbital Command  
  20  1:36  Supply Depot  
  20  1:52  Factory  
  20  1:56  SCV, Bunker  
  21  2:03  Reaper  
  22  2:09  SCV  
  23  2:23  SCV  
  23  2:35  SCV  
  24  2:39  Command Center  
  24  2:43  Hellion  
  25  2:48  SCV  
  26  2:52  Starport  
  26  3:01  SCV  
  29  3:05  Hellion  
  29  3:11  Supply Depot  
  29  3:15  SCV  
  29  3:31  SCV  
  29  3:33  Widow Mine  
  32  3:34  Medivac  
  34  3:43  SCV  
  35  3:48  Barracks  
  35  3:50  Barracks  
  35  3:55  SCV  
  35  4:01  Widow Mine  
  37  4:08  SCV  
  39  4:10  Orbital Command  
  39  4:13  Viking  
  36  4:17  Bunker  
  36  4:19  Marine  
  36  4:22  Widow Mine  
  36  4:23  SCV  
  40  4:31  Engineering Bay  
  39  4:39  Barracks Reactor, Barracks Tech Lab  
  39  4:40  Barracks Tech Lab  
  39  4:43  SCV x2  
  41  4:50  Factory Tech Lab  
  41  4:55  Viking, SCV x2  
  45  5:00  Stimpack  
  45  5:08  Marine  
  45  5:09  Marine  
  45  5:10  SCV x2  
  47  5:16  Marine x2  
  47  5:20  Supply Depot, Terran Infantry Weapons Level 1  
  49  5:28  SCV x2  
  49  5:32  Marauder x2  
  49  5:33  Starport Reactor  
  49  5:34  Marine  
  54  5:36  Marine  
  54  5:42  Combat Shield, Factory Reactor  
  53  5:46  SCV  
  53  5:47  SCV  
  53  5:49  Refinery x2  
  55  5:54  Supply Depot  
  55  5:57  Marine x2  
  55  5:58  Marauder x2  
  55  6:00  SCV  
  62  6:04  Supply Depot  
  62  6:08  Missile Turret  
  62  6:16  SCV, Medivac x2  
  67  6:21  Marauder, Marine  
  70  6:25  Marine  
  70  6:26  Marauder  
  70  6:29  Supply Depot  
  70  6:30  Widow Mine  
  70  6:31  SCV x2, Supply Depot  
  77  6:39  Concussive Shells  
  77  6:41  Missile Turret  
  77  6:46  Marine  
  78  6:50  Marine  
  78  6:51  Medivac, Marauder x2  
  78  6:52  Medivac  
  87  6:55  Widow Mine x2  
  87  7:01  SCV x2  
  89  7:11  Supply Depot  
  89  7:12  Supply Depot  
  89  7:13  Marine x2  
  89  7:14  Marauder x2  
  95  7:18  Widow Mine  
  95  7:19  Widow Mine  
  99  7:23  Terran Infantry Armor Level 1  
  99  7:36  Supply Depot  
  99  7:38  Liberator x2  
  101  7:54  Marauder, Marine x2  
  101  7:56  Widow Mine x2  
  86  8:13  Marine x2  
  86  8:14  Marauder  
  86  8:15  Marauder  
  86  8:16  Command Center  
  88  8:20  Widow Mine x2  
  88  8:34  Barracks  
  88  8:35  SCV, Barracks  
  88  8:36  SCV  
  88  8:37  Marauder x2, Marine  
  88  8:38  Marine  
  90  8:48  SCV x2  
  84  9:00  SCV x2  
  84  9:05  Marine x2  
  84  9:06  Medivac x2, Marauder x2  
  94  9:11  Widow Mine x2  
  94  9:12  SCV x2  
  98  9:23  Barracks Reactor, Barracks Tech Lab  
  97  9:24  SCV x2  
  97  9:26  Marine x2  
  97  9:28  Armory  
  97  9:29  SCV, Engineering Bay  
  101  9:36  SCV, Medivac x2, Missile Turret  
  101  9:38  Widow Mine x2  
  110  9:42  Marauder x2  
  110  9:45  Orbital Command  
  114  9:47  SCV  
  114  9:48  SCV  
  116  9:55  Marauder, Marine x2  
  120  10:03  Marauder, Marine  
  120  10:05  SCV x2  
  120  10:06  Starport  
  121  10:15  Marine x4  
  121  10:16  Marauder  
  121  10:17  SCV  
  130  10:21  Marauder  
  130  10:25  Marauder  
  130  10:26  Supply Depot x2  
Show
View Real Time Build Order
Export as new Build Order

Bistork Protoss 

Build Orders: 1 Gate Expand, Oracle Opening 

Get SALT Encoding   

  12  0:00  Probe  
  13  0:12  Probe  
  14  0:17  Pylon  
  14  0:24  Probe (Chrono Boost)  
  16  0:37  Probe (Chrono Boost)  
  16  0:38  Gateway  
  16  0:42  Probe (Chrono Boost)  
  16  0:46  Assimilator  
  17  0:51  Probe  
  18  1:03  Probe  
  19  1:16  Probe  
  20  1:25  Cybernetics Core  
  20  1:34  Nexus  
  20  1:41  Pylon  
  20  1:47  Probe  
  21  1:48  Zealot (Chrono Boost)  
  23  1:59  Probe  
  24  2:02  Assimilator  
  24  2:06  Adept (Chrono Boost)  
  24  2:28  Stalker  
  24  2:32  Probe  
  24  2:45  Probe (Chrono Boost)  
  24  2:49  Stargate  
  25  2:55  Probe (Chrono Boost)  
  27  3:01  Warp Gate  
  27  3:03  Probe (Chrono Boost)  
  27  3:04  Probe (Chrono Boost)  
  28  3:09  Probe (Chrono Boost)  
  28  3:10  Probe (Chrono Boost)  
  30  3:22  Probe (Chrono Boost)  
  29  3:27  Probe (Chrono Boost)  
  29  3:33  Oracle (Chrono Boost)  
  34  3:38  Probe x2 (Chrono Boost)  
  35  3:42  Stalker  
  35  3:43  Probe (Chrono Boost)  
  35  3:45  Probe  
  39  3:54  Probe  
  36  4:08  Probe (Chrono Boost), Phoenix (Chrono Boost)  
  36  4:09  Probe (Chrono Boost)  
  39  4:23  Pylon  
  41  4:25  Probe (Chrono Boost), Oracle  
  41  4:26  Probe (Chrono Boost)  
  41  4:28  Assimilator  
  44  4:32  Probe x2 (Chrono Boost)  
  46  4:43  Probe  
  46  4:44  Probe  
  46  4:45  Robotics Facility  
  48  4:46  Assimilator  
  48  4:48  Pylon  
  48  4:55  Probe  
  48  4:56  Probe  
  50  5:03  Phoenix  
  51  5:10  Probe  
  52  5:15  Probe  
  53  5:28  Probe, Phoenix  
  56  5:31  Probe  
  57  5:38  Robotics Bay  
  57  5:41  Probe  
  57  5:42  Gateway  
  58  5:44  Gateway  
  58  5:53  Phoenix  
  58  5:54  Probe x2  
  58  5:56  Pylon  
  62  6:00  Pylon  
  62  6:13  Immortal (Chrono Boost)  
  62  6:14  Probe x2  
  68  6:26  Probe x2  
  68  6:28  Gateway  
  68  6:29  Extended Thermal Lance  
  68  6:30  Gateway  
  68  6:31  Sentry  
  72  6:41  Colossus (Chrono Boost)  
  72  6:44  Pylon  
  78  6:50  Pylon  
  78  7:05  Probe  
  79  7:09  Sentry  
  79  7:11  Zealot x2  
  85  7:16  Shield Battery  
  85  7:22  Gateway  
  85  7:23  Gateway  
  85  7:24  Pylon  
  85  7:26  Colossus (Chrono Boost)  
  85  7:27  Pylon  
  85  7:29  Pylon  
  90  7:50  Stalker x5  
  57  8:13  Zealot x5  
  57  8:14  Colossus (Chrono Boost)  
  66  8:22  Phoenix  
  58  8:29  Zealot x2  
  62  8:41  Zealot x3  
  58  8:42  Sentry  
  58  8:44  Probe  
  62  8:52  Probe  
  63  8:56  Probe  
  59  9:19  Phoenix, Colossus (Chrono Boost)  
  59  9:23  Sentry x2  
  68  9:24  Zealot  
  68  9:28  Probe x2 (Chrono Boost)  
  72  9:41  Shield Battery  
  73  9:45  Probe (Chrono Boost)  
  73  9:49  Sentry  
  75  10:06  Stalker x3, Sentry  
  83  10:09  Sentry  
  85  10:16  Stalker  
  85  10:18  Stalker  
  67  10:38  Stalker x3  
  54  10:45  Stalker  
Tags
 
Add a new tag
Caveats
  • Supply blocks, unpowered buildings, or Contaminate may cause inaccurate times.
  • Supply counts are checked every 10 seconds.